 Dungeon Crawl Stone Soup version 0.25-a0-364-ge76b031 (webtiles) character file.

Game seed: 4076293306332692338, levelgen mode: deterministic

91040 Birdy the Severer (level 15, -8/112 HPs)
             Began as a Demonspawn Gladiator on Jan 4, 2020.
             Was the Champion of Wu Jian.
             Shot with a bolt by an orc knight (25 damage)
             ... on level 2 of the Orcish Mines.
             The game lasted 01:12:59 (20330 turns).

Birdy the Severer (Demonspawn Gladiator)           Turns: 20330, Time: 01:12:59

Health: -8/112     AC: 15    Str: 23    XL:     15   Next: 53%
Magic:  15/15      EV: 34    Int:  9    God:    Wu Jian [******]
Gold:   2065       SH:  0    Dex: 21    Spells: 14/14 levels left

rFire    . . .     SeeInvis .   F - +5 executioner's axe (vamp)
rCold    + . .     Gourm    .   (shield currently unavailable)
rNeg     . . .     Faith    .   i - +2 leather armour of Instinct {Slay+2}
rPois    .         Spirit   .   k - +2 helmet
rElec    .         Reflect  .   (no cloak)
rCorr    .         Harm     .   J - +2 pair of gloves
MR       +....                  (no boots)
Stlth    ++++......             E - amulet of the acrobat
HPRegen  0.28/turn              q - +4 ring of strength
MPRegen  0.14/turn              L - +4 ring of strength

@: exhausted, acrobat
A: hooves 2, iridescent scales 2, cold resistance 1, demonic guardian 1
a: Wall Jump, Serpent's Lash, Heavenly Storm, Renounce Religion


You were on level 2 of the Orcish Mines.
You worshipped Wu Jian.
Wu Jian was exalted by your worship.
You were not hungry.

You visited 4 branches of the dungeon, and saw 23 of its levels.
You also visited: Ossuary.

You collected 2918 gold pieces.
You spent 853 gold pieces at shops.

Inventory:

Hand Weapons
 F - a +5 vampiric executioner's axe (weapon)
Missiles
 d - 3 throwing nets (quivered)
Armour
 i - the +2 leather armour of Instinct (worn) {Slay+2}
   (You took it off Sonja on level 6 of the Lair of Beasts)

   It affects your accuracy and damage with ranged weapons and melee attacks
   (+2).
 k - a +2 helmet (worn)
 J - a +2 pair of gloves (worn)
Jewellery
 a - a +5 ring of protection
 c - an uncursed amulet of regeneration
 l - an uncursed ring of poison resistance
 o - an uncursed amulet of rage
 q - a +4 ring of strength (left hand)
 D - an uncursed ring of positive energy
 E - an amulet of the acrobat (around neck)
 G - the ring of the Fifty Dreams {rC+ Str+2}
   (You took it off a wight on level 9 of the Dungeon)

   [ring of protection from cold]

   It affects your strength (+2).
   It protects you from cold.
 L - a +4 ring of strength (right hand)
Wands
 e - a wand of clouds (1)
 m - a wand of paralysis (18)
 n - a wand of flame (59)
 y - a wand of acid (22)
 A - a wand of iceblast (13)
 C - a wand of polymorph (12)
 H - a wand of enslavement (3)
 I - a wand of random effects (17)
 K - a wand of disintegration (7)
Scrolls
 b - 4 scrolls of identify
 j - 6 scrolls of amnesia
 r - 3 scrolls of teleportation
 s - 11 scrolls of remove curse
 z - a scroll of silence
 N - 3 scrolls of magic mapping
Potions
 p - 2 potions of berserk rage
 t - 4 potions of cancellation
 u - 2 potions of haste
 w - 2 potions of flight
 x - 8 potions of curing
 B - 2 potions of lignification
Comestibles
 f - 35 rations
 g - a chunk of flesh


   Skills:
 + Level 8.9 Fighting
 - Level 20.0 Axes
 - Level 1.7 Throwing
 - Level 4.0 Armour
 + Level 8.7 Dodging
 + Level 8.9 Stealth


You had 14 spell levels left.
You didn't know any spells.
Your spell library contained the following spells:

 Spells                   Type           Power        Failure   Level  Hunger
 Animate Skeleton         Necr           N/A          43%         1    ##.....
 Apportation              Tloc           #.....       43%         1    ##.....
 Beastly Appendage        Tmut           #.....       43%         1    ##.....
 Confusing Touch          Hex            #.....       43%         1    ##.....
 Magic Dart               Conj           #...         43%         1    ##.....
 Pain                     Necr           #...         43%         1    ##.....
 Summon Small Mammal      Summ           #...         43%         1    ##.....
 Blink                    Tloc           N/A          56%         2    ###....
 Call Imp                 Summ           #.......     56%         2    ###....
 Slow                     Hex            #.......     56%         2    ###....
 Sticks to Snakes         Tmut           #.......     56%         2    ###....
 Conjure Flame            Conj/Fire      #.......     80%         3    ####...
 Inner Flame              Hex/Fire       #.......     80%         3    ####...
 Mephitic Cloud           Conj/Pois/Air  #.......     80%         3    ####...
 Spider Form              Tmut/Pois      #.........   80%         3    ####...
 Vampiric Draining        Necr           #.........   80%         3    ####...
 Animate Dead             Necr           N/A          99%         4    #####..
 Ice Form                 Ice/Tmut       #.......     99%         4    #####..
 Sticky Flame             Conj/Fire      #.......     99%         4    #####..
 Agony                    Necr           #.......     100%        5    ######.
 Alistair's Intoxication  Tmut/Pois      #.......     100%        5    ######.
 Blade Hands              Tmut           #.........   100%        5    ######.
 Bolt of Magma            Conj/Fire/Erth #.........   100%        5    ######.


Dungeon Overview and Level Annotations

Branches:
Dungeon (14/15)            Temple (1/1) D:6            Lair (6/6) D:10
 Shoals (0/4) Lair:4       Spider (0/4) Lair:4        Slime (0/5) Lair:5
    Orc (2/2) D:12            Elf (0/3) Orc:2        Vaults (0/5) D:13
Ossuary (visited)

Altars:
Ashenzari
Fedhas
Gozag
Okawaru
Ru
Trog
Uskayaw
Vehumet
Wu Jian
Xom
Zin
Jiyva

Shops:
D:4 *%(*   D:6 *?*(   D:8 ?   D:10 }   Orc:1 %

Annotations:
D:14 1 runed translucent door, wampuh's ghost, journeyman DsGl
Lair:1 exclusion: 2 oklob plants


Innate Abilities, Weirdness & Mutations

You have hoof-like feet.
You are mostly covered in iridescent scales. (AC +4)
Your flesh is cold resistant. (rC+)
A weak demonic guardian rushes to your aid.


Message History

The scroll dissolves into smoke.
The orc knight roars a battlecry!
The orc warrior goes into a battle-frenzy!
The orc warrior shoots a bolt.
The bolt hits you.
* * * LOW HITPOINT WARNING * * *
The orc warrior throws a boomerang of dispersal.
The boomerang of dispersal completely misses you.
You feel much better.
The orc warrior unwields a +0 great mace.
The orc warrior wields a +0 arbalest.
The orc warrior shoots a bolt.
The bolt closely misses you. The orc warrior completely misses you.
You see here a chunk of flesh.
g - a chunk of flesh The orc warrior hits you from afar with a +0 halberd!!
* * * LOW HITPOINT WARNING * * *
The orc knight unwields a +0 glaive.
The orc knight wields a +0 arbalest.
The orc knight shoots a bolt.
The bolt barely misses your shadow imp. The bolt hits you!!
You die...

.....o..o§§§§§.......
......§.§§§§§..........
......<§§§§§§§(.$......
......§.§§§§§§.........
$.......§%(o§§§..#.....
......§.(.%§oo#........
........$.....#........
...........(.5........
.......$.%...@.%.....
......>..()()<5......
.........())().......
...........)........
........$..........
...%......#.%......
..%...............
.....#............
.....%.......#....


You could see an orc knight, 2 orc warriors, a friendly iron imp (wandering) and
a friendly shadow imp.

Vanquished Creatures
  A stone giant (Orc:1)
  Josephine (Lair:6)
  A vault guard (D:13)
  Harold (D:8)
  Erica (Lair:2)
  8 hydras
  2 centaur warriors
  4 two-headed ogres
  12 death yaks
  Sonja (Lair:6)
  Nergalle (Orc:1)
  2 unseen horrors
  A wizard (D:13)
  2 necromancers (D:13)
  A deep elf archer (D:13)
  Pikel (D:9)
  2 orc knights
  17 cyclopes
  8 ugly things
  5 manticores
  3 black mambas
  3 centaur zombies
  An ice statue (Lair:6)
  Psyche (D:12)
  A torpor snail (Lair:2)
  32 spiny frogs
  A rime drake (Lair:1)
  12 komodo dragons
  A freezing wraith (D:14)
  5 trolls
  A polar bear (Lair:4)
  3 tyrant leeches (Lair:6)
  3 slime creatures (D:14)
  20 blink frogs
  10 hippogriffs
  A snapping turtle (Lair:4)
  Sigmund (D:5)
  A shadow (D:13)
  3 redbacks (Lair:4)
  5 wyverns
  5 wraiths
  19 humans (D:13)
  34 yaks
  4 basilisks
  Eustachio (D:5)
  11 vampire mosquitoes
  2 hungry ghosts
  An acid dragon (D:11)
  8 wargs
  9 water moccasins
  Menkaure (Ossuary)
  3 porcupines
  2 black bears
  8 ice beasts
  28 orc warriors
  A swamp drake (D:12)
  3 sky beasts
  20 ogres
  A necrophage (D:7)
  7 wolves
  17 centaurs
  4 phantoms
  14 crocodiles
  A big kobold (D:11)
  2 gnoll sergeants
  22 bullfrogs
  3 scorpions
  9 killer bees
  16 wights
  4 electric eels
  A howler monkey (D:6)
  5 crimson imps
  A bullfrog zombie (D:8)
  A quasit (D:9)
  9 hounds
  6 jellies
  3 gnoll shamans (D:7)
  11 orc priests
  2 bullfrog skeletons
  4 centaur skeletons
  Ijyb (D:5)
  7 iguanas
  19 orc wizards
  11 worker ants
  A killer bee zombie (D:6)
  3 mummies (Ossuary)
  2 hound skeletons
  A howler monkey zombie (D:7)
  A worker ant zombie (D:6)
  14 adders
  19 gnolls
  5 shadow imps
  3 white imps (Lair:6)
  An ooze (D:2)
  3 adder skeletons
  An adder zombie (D:9)
  3 worms
  7 leopard geckos
  66 orcs
  6 giant cockroaches
  3 gnoll zombies (Ossuary)
  4 goblins
  6 hobgoblins
  7 jackals
  4 quokkas
  A ball python (D:5)
  2 bats
  5 frilled lizards
  7 goblin skeletons (Ossuary)
  4 goblin zombies (Ossuary)
  3 hobgoblin skeletons (Ossuary)
  6 hobgoblin zombies (Ossuary)
  7 kobolds
  5 kobold skeletons (Ossuary)
  2 kobold zombies (Ossuary)
  A leopard gecko zombie (D:8)
  7 orc skeletons (Ossuary)
  5 orc zombies (Ossuary)
  6 rats
  3 rat skeletons (Ossuary)
  5 rat zombies (Ossuary)
  2 fungi
  10 plants
762 creatures vanquished.

Vanquished Creatures (collateral kills)
  A black mamba (Lair:3)
  A spiny frog (Lair:4)
  2 komodo dragons (Lair:3)
  An ice devil (Lair:6)
  A blink frog (Lair:2)
  2 hippogriffs
  A wraith (Lair:6)
  5 yaks
  A human (D:13)
  2 water moccasins
  A porcupine (Lair:3)
  A slave (D:9)
  A centaur (Orc:2)
  2 wolves (Lair:2)
  A big kobold (D:7)
  A hound (D:7)
  An iguana (D:9)
  A gnoll (D:7)
  An adder (D:7)
  2 orcs
  A quokka (D:7)
  3 kobolds (D:7)
33 creatures vanquished.

Vanquished Creatures (others)
  A slave (D:9)
  A howler monkey (D:9)
  A wight (D:9)
  An orc (D:12)
  2 fungi (Lair:6)
  23 plants
  2 withered plants (D:14)
31 creatures vanquished.

Grand Total: 826 creatures vanquished

Notes
Turn   | Place    | Note
-------+----------+-------------------------------------------
     0 | D:1      | Birdy the Demonspawn Gladiator began the quest for the Orb.
     0 | D:1      | Reached XP level 1. HP: 16/16 MP: 1/1
    47 | D:1      | Reached skill level 3 in Axes
   260 | D:1      | Gained mutation: Your flesh is cold resistant. (rC+)
                  | [demonic ancestry]
   260 | D:1      | Reached XP level 2. HP: 21/22 MP: 2/2
   736 | D:2      | Found a faded altar of an unknown god.
   782 | D:2      | Noticed a scorpion
   796 | D:2      | Killed a scorpion
   796 | D:2      | Reached skill level 4 in Axes
   796 | D:2      | Gained mutation: You have large cloven feet. [demonic
                  | ancestry]
   796 | D:2      | Reached XP level 3. HP: 27/27 MP: 3/3
   913 | D:2      | Reached XP level 4. HP: 33/33 MP: 4/4
  1304 | D:3      | Found a shattered altar of Ashenzari.
  1323 | D:3      | Found an opulent altar of Gozag.
  1383 | D:3      | Reached skill level 5 in Axes
  1865 | D:3      | Reached XP level 5. HP: 26/38 MP: 5/5
  2285 | D:4      | Noticed a centaur
  2298 | D:4      | Killed a centaur
  2298 | D:4      | Reached skill level 6 in Axes
  2398 | D:4      | Found a glowing silver altar of Zin.
  2425 | D:4      | Reached XP level 6. HP: 44/44 MP: 6/6
  2528 | D:4      | Found Bychoby's Food Boutique.
  2551 | D:4      | Found Ipycve's General Store.
  2602 | D:4      | Found an iron altar of Okawaru.
  2652 | D:4      | Found Cokhladid's General Store.
  2844 | D:4      | Found Dionet's Antique Weapon Boutique.
  2867 | D:4      | Reached skill level 7 in Axes
  2946 | D:4      | You fall into a shaft and drop 2 floors!
  2964 | D:6      | Found a staircase to the Ecumenical Temple.
  2977 | D:6      | Reached XP level 7. HP: 33/50 MP: 7/7
  2995 | Temple   | Entered the Ecumenical Temple
  2999 | Temple   | Became a worshipper of the Wu Jian Council
  3088 | D:6      | Reached skill level 8 in Axes
  3096 | D:5      | Entered Level 5 of the Dungeon
  3115 | D:5      | Noticed Eustachio
  3124 | D:5      | Killed Eustachio
  3131 | D:5      | Got a dull robe
  3145 | D:5      | Identified the +2 robe "Eghot" {Int+4} (You found it on
                  | level 5 of the Dungeon)
  3169 | D:5      | Found a sand-covered staircase.
  3176 | Ossuary  | Entered an ossuary
  3267 | Ossuary  | Reached * piety under Wu Jian
  3401 | Ossuary  | Noticed Menkaure
  3405 | Ossuary  | Reached ** piety under Wu Jian
  3410 | Ossuary  | Killed Menkaure
  3410 | Ossuary  | Reached skill level 9 in Axes
  3410 | Ossuary  | Gained mutation: You have hoof-like feet. [demonic
                  | ancestry]
  3410 | Ossuary  | Reached XP level 8. HP: 5/56 MP: 8/8
  3676 | D:5      | Noticed Sigmund
  3678 | D:5      | Killed Sigmund
  3782 | D:5      | Noticed Ijyb
  3795 | D:5      | Reached skill level 10 in Axes
  3805 | D:5      | Killed Ijyb
  4220 | D:6      | Found Keotsar's Antique Weapon Shoppe.
  4220 | D:6      | Found Zotavyre's Assorted Antiques.
  4270 | D:6      | Found Jogoed's Magic Scroll Emporium.
  4443 | D:6      | Noticed a moth of wrath
  4446 | D:6      | Found a bloodstained altar of Trog.
  4599 | D:6      | Found Kubb's Assorted Antiques.
  4701 | D:7      | Noticed a manticore
  4720 | D:7      | Killed a manticore
  4720 | D:7      | Reached skill level 11 in Axes
  4720 | D:7      | Gained mutation: A weak demonic guardian rushes to your
                  | aid. [demonic ancestry]
  4720 | D:7      | Reached XP level 9. HP: 32/61 MP: 9/9
  4720 | D:7      | Reached *** piety under Wu Jian
  4890 | D:7      | Noticed a troll
  4894 | D:7      | Reached skill level 12 in Axes
  4923 | D:7      | Killed a troll
  5078 | D:7      | Found a shimmering altar of Xom.
  5090 | D:7      | Reached **** piety under Wu Jian
  5441 | D:7      | Noticed a manticore
  5941 | D:7      | Reached skill level 13 in Axes
  5969 | D:7      | Reached XP level 10. HP: 67/67 MP: 10/10
  6245 | D:4      | Bought a +2 vampiric executioner's axe for 462 gold pieces
  6245 | D:4      | Bought a scroll of identify for 22 gold pieces
  6551 | D:6      | Bought a scroll of enchant weapon for 97 gold pieces
  7023 | D:8      | Found Zengapit's Magic Scroll Shoppe.
  7105 | D:8      | Noticed Harold
  7128 | D:8      | Killed Harold
  7128 | D:8      | Reached skill level 14 in Axes
  7804 | D:7      | Killed a manticore
  7871 | D:6      | Bought a scroll of identify for 26 gold pieces
  7871 | D:6      | Bought a scroll of identify for 26 gold pieces
  8018 | D:9      | Noticed Pikel
  8028 | D:9      | Killed Pikel
  8033 | D:9      | Reached ***** piety under Wu Jian
  8053 | D:9      | Identified the ring of the Fifty Dreams {rC+ Str+2}
  8213 | D:9      | Found a blossoming altar of Fedhas.
  8501 | D:10     | Entered Level 10 of the Dungeon
  8783 | D:10     | Reached skill level 15 in Axes
  8783 | D:10     | Gained mutation: You are partially covered in iridescent
                  | scales. (AC +2) [demonic ancestry]
  8783 | D:10     | Reached XP level 11. HP: 72/72 MP: 11/11
  8824 | D:10     | Found Qooliypi's Gadget Emporium.
  8941 | D:10     | You fall into a shaft and drop 2 floors!
  9541 | D:10     | Found a staircase to the Lair.
  9684 | Lair:1   | Entered Level 1 of the Lair of Beasts
  9752 | Lair:1   | Reached skill level 1 in Armour
  9752 | Lair:1   | Reached skill level 1 in Stealth
  9755 | Lair:1   | Noticed an oklob plant
  9755 | Lair:1   | Noticed an oklob plant
  9877 | D:4      | Bought an uncursed ring of poison resistance for 220 gold
                  | pieces
 10380 | Lair:1   | Noticed an eight-headed hydra
 10385 | Lair:1   | Killed an eight-headed hydra
 10899 | Lair:2   | HP: 1/76 [torpor snail (18)]
 10930 | Lair:2   | Noticed Erica
 10949 | Lair:2   | Killed Erica
 10949 | Lair:2   | Reached XP level 12. HP: 53/83 MP: 12/12
 11255 | Lair:2   | Reached skill level 16 in Axes
 11378 | Lair:2   | Noticed an eight-headed hydra
 11387 | Lair:2   | Killed an eight-headed hydra
 11690 | Lair:2   | Noticed a six-headed hydra
 11694 | Lair:2   | Killed a six-headed hydra
 11694 | Lair:2   | Reached skill level 5 in Fighting
 11694 | Lair:2   | Reached skill level 5 in Dodging
 12271 | Lair:3   | Reached skill level 5 in Stealth
 12280 | Lair:3   | Reached ****** piety under Wu Jian
 12475 | Lair:3   | Noticed a death yak
 12482 | Lair:3   | Noticed a death yak
 12485 | Lair:3   | Noticed a death yak
 12486 | Lair:3   | Noticed a death yak
 12489 | Lair:3   | Noticed a death yak
 12489 | Lair:3   | Noticed a death yak
 12499 | Lair:3   | Killed a death yak
 12914 | Lair:3   | Killed a death yak
 12940 | Lair:3   | Killed a death yak
 12981 | Lair:3   | Killed a death yak
 13000 | Lair:3   | Killed a death yak
 13602 | Lair:4   | Gained mutation: You are mostly covered in iridescent
                  | scales. (AC +4) [demonic ancestry]
 13602 | Lair:4   | Reached XP level 13. HP: 59/95 MP: 13/13
 14172 | Lair:4   | Found a hole to the Spider Nest.
 14529 | Lair:4   | Found a staircase to the Shoals.
 15095 | Lair:5   | Found a staircase to the Slime Pits.
 15099 | Lair:5   | Found a viscous altar of Jiyva.
 15388 | Lair:6   | Entered Level 6 of the Lair of Beasts
 15653 | Lair:6   | Reached skill level 17 in Axes
 15743 | Lair:6   | HP: 3/98 [four-headed hydra (9)]
 15791 | Lair:6   | Noticed Josephine
 15797 | Lair:6   | Reached XP level 14. HP: 104/105 MP: 14/14
 15800 | Lair:6   | Killed Josephine
 15812 | Lair:6   | Identified the +2 leather armour of Instinct {Slay+2}
 15812 | Lair:6   | Noticed Sonja
 15816 | Lair:6   | Killed Sonja
 15960 | Lair:6   | Reached skill level 18 in Axes
 17540 | D:12     | Found a staircase to the Orcish Mines.
 17731 | D:12     | Noticed Psyche
 17736 | D:12     | Killed Psyche
 18159 | D:13     | Reached skill level 19 in Axes
 18341 | D:13     | Reached XP level 15. HP: 88/110 MP: 15/15
 18371 | D:13     | Found a gate to the Vaults.
 18697 | D:14     | Found a runed translucent door.
 18697 | D:14     | Noticed wampuh's ghost (journeyman DsGl)
 19254 | Orc:1    | Entered Level 1 of the Orcish Mines
 19254 | Orc:1    | Noticed Nergalle
 19260 | Orc:1    | Killed Nergalle
 19355 | Orc:1    | Found Asiaxudd's Food Boutique.
 19480 | Orc:1    | Reached skill level 20 in Axes
 19764 | Orc:1    | Identified Sif Muna's Collected Works on Moulding and
                  | Ignition
 19807 | Orc:1    | Got a polished hand axe
 19820 | Orc:1    | Identified the +9 hand axe of Ettoatzedi {protect, rElec
                  | rF+ rN+ Stlth+} (You found it on level 1 of the Orcish
                  | Mines)
 20260 | Orc:2    | Entered Level 2 of the Orcish Mines
 20260 | Orc:2    | Found a staircase to the Elven Halls.
 20330 | Orc:2    | Shot with a bolt by an orc knight

Levels and vault maps discovered:
D:1:      minmay_arrival_four_circles, layout_basic
D:2:      layout_rooms, chequers_ecumenical_altar_simple, minmay_misc_feat_rows,
          minmay_fountain_box
D:3:      layout_loops_ring, nicolae_gozag_cash_rules_everything_around_me,
          ashenzari_altar_1, minmay_misc_feat_tiny, kennysheep_decorative_pillar
D:4:      layout_loops_corners, kennysheep_mini_moat, overflow_temple_1_default,
          serial_shops, kennysheep_little_box, nicolae_shop_statue_plus, shop,
          shop, first_ration, nzn_random_ring
D:5:      layout_rooms, lightli_ossuary_entry_decrepit_ruins, uniq_ijyb,
          uniq_sigmund, uniq_eustachio
D:6:      layout_basic, minmay_temple_entry_mini_moons, serial_shops, shop,
          shop, shop, nicolae_shop_statue_plus, tgw_trog
D:7:      minmay_the_grid_plus [minmay_the_grid_broken_lines,
          minmay_the_grid_plusring, minmay_the_grid_diamond_grid,
          minmay_the_grid_stretched_grid, minmay_the_grid_prize_four_corners],
          layout_basic, basic_altar, uniq_menkaure
D:8:      layout_layer_cave, serial_shops, nicolae_shop_crystal, uniq_harold
D:9:      layout_rooms, lemuel_crystal_altar, uniq_pikel
D:10:     layout_long_grid, david_lair_shrubbed, serial_shops,
          nicolae_shop_crystal
D:11:     layout_cave_pods, blue_anna_alchemist [blue_anna_fruit_fields,
          blue_anna_fruit_fields], hangedman_decor_growths
D:12:     layout_loops_ring, erik_orc_1, uniq_psyche
D:13:     layout_big_octagon, grunt_vaults_entry_tiered
D:14:     layout_small_grid, gammafunk_ghost_grave
Temple:   compressed_dpeg_circular_temple
Lair:1:   layout_gridlike, st_stairs_9, minmay_lair_oklob_chamber,
          serial_bayou_shore_b, grunt_megastairs_1
Lair:2:   layout_gridlike, lemuel_fruit_tree, serial_bayou_shore_b, uniq_erica
Lair:3:   layout_regular_city, nicolae_quartered_pool_medium
Lair:4:   layout_regular_city, minmay_shoals_entry_hut, spider_nest_entry_webs,
          beast_lair_carwin_1
Lair:5:   layout_regular_city, slime_altar_1, serial_bayou_shore_a,
          grunt_megastairs_3
Lair:6:   minmay_lair_end_frog_pond, layout_gridlike, st_stairs_12, ice2_lemuel,
          uniq_sonja, uniq_josephine
Orc:1:    giant_chief_lemuel, layout_diamond_mine, serial_shops, shop,
          uniq_nergalle
Orc:2:    st_orc_rangers, layout_caves, serial_shops, shop, shop, shop, shop,
          gammafunk_ghost_wrathful_warriors

Skill      XL: |  1  2  3  4  5  6  7  8  9 10 11 12 13 14 15 |
---------------+----------------------------------------------+-----
Axes           | 3 4 5 6 7 9 11 13 15 16 17 19 20 | 20.0
Armour         | 3 4 |  4.0
Dodging        | 4 6 8 |  8.7
Stealth        | 3 6 8 |  8.9
Fighting       | 4 6 8 |  8.9
Throwing       | |  1.7

Action                   |  1- 3 |  4- 6 |  7- 9 | 10-12 | 13-15 || total
-------------------------+-------+-------+-------+-------+-------++-------
Melee: War axe           |    60 |    55 |   156 |       |       ||   271
       Kick              |     2 |    36 |    98 |   168 |   324 ||   628
       Hand axe          |       |    57 |       |       |       ||    57
       Battleaxe         |       |       |   149 |    15 |       ||   164
       Executioner's axe |       |       |       |   512 |   860 ||  1372
Throw: Throwing net      |       |     2 |     5 |     1 |       ||     8
Invok: Lunge             |       |       |    51 |    75 |   119 ||   245
       Whirlwind         |       |       |    60 |   115 |   176 ||   351
       Serpent's Lash    |       |       |       |     1 |     7 ||     8
       Heavenly Storm    |       |       |       |       |     4 ||     4
 Abil: Wall Jump         |       |       |     3 |     4 |       ||     7
Evoke: Wand              |       |       |    13 |    17 |    13 ||    43
       Phantom mirror    |       |       |       |       |     1 ||     1
  Use: Potion            |     1 |     2 |     2 |     3 |    10 ||    18
       Scroll            |       |     6 |     6 |    19 |    10 ||    41
 Stab: Sleeping          |       |     1 |     1 |     2 |    17 ||    21
       Held in net/web   |       |     1 |     4 |       |       ||     5
       Distracted        |       |       |       |    10 |    14 ||    24
       Confused          |       |       |       |       |     4 ||     4
  Eat: Chunk             |       |     7 |     8 |    16 |    13 ||    44
       Ration            |       |       |     1 |     2 |     4 ||     7
Armor: Leather armour    |    22 |    33 |    69 |       |   141 ||   265
       Skin              |    10 |       |     1 |       |       ||    11
       Ring mail         |       |       |    38 |   246 |    95 ||   379
Dodge: Dodged            |    34 |   101 |   162 |   416 |   649 ||  1362

Table legend:
 A = Non-vault XP
 B = Vault XP
 C = Vault XP percentage of total XP
 D = Non-vault monster count
 E = Vault monster count
 F = Vault count percentage of total count
                 A         B        C        D         E       F
            +---------+---------+-------+---------+---------+-------
      Total |   73109 |   56949 |  43.8 |     499 |     283 |  36.2
            +---------+---------+-------+---------+---------+-------
        D:1 |      23 |       0 |   0.0 |      14 |       0 |   0.0
        D:2 |      78 |       0 |   0.0 |       6 |       0 |   0.0
        D:3 |     143 |       0 |   0.0 |      22 |       0 |   0.0
        D:4 |     498 |     569 |  53.3 |      17 |      16 |  48.5
        D:5 |     331 |     464 |  58.4 |      10 |       3 |  23.1
        D:6 |     443 |       9 |   2.0 |      10 |       5 |  33.3
        D:7 |    1492 |    2533 |  62.9 |      51 |      21 |  29.2
        D:8 |    1060 |     815 |  43.5 |      15 |       1 |   6.2
        D:9 |    1447 |     617 |  29.9 |      27 |       1 |   3.6
       D:10 |    2500 |     349 |  12.2 |      25 |       1 |   3.8
       D:11 |    3381 |     100 |   2.9 |      31 |       1 |   3.1
       D:12 |    7155 |    1009 |  12.4 |      32 |      18 |  36.0
       D:13 |    9452 |    7233 |  43.4 |      37 |      25 |  40.3
       D:14 |    8083 |       0 |   0.0 |      25 |       0 |   0.0
     Lair:1 |    1827 |    1866 |  50.5 |       8 |       5 |  38.5
     Lair:2 |    7586 |     944 |  11.1 |      29 |       1 |   3.3
     Lair:3 |   10208 |       0 |   0.0 |      31 |       0 |   0.0
     Lair:4 |    1488 |    5097 |  77.4 |       7 |      13 |  65.0
     Lair:5 |    2736 |    4708 |  63.2 |      14 |       6 |  30.0
     Lair:6 |    7533 |   17439 |  69.8 |      24 |      67 |  73.6
      Orc:1 |    2678 |   10828 |  80.2 |      39 |      28 |  41.8
      Orc:2 |    2967 |    2107 |  41.5 |      25 |      18 |  41.9
    Ossuary |       0 |     262 | 100.0 |       0 |      53 | 100.0
            +---------+---------+-------+---------+---------+-------
